 Dungeon Crawl Stone Soup version 0.25-a0-163-g00f8f0cddd (webtiles) character file.

Game seed: 7780759314185070351, levelgen mode: deterministic

568 Jindul the Ruffian (level 7, -8/99 HPs)
             Began as a Troll Hunter on Nov 22, 2019.
             Killed from afar by an orc wizard (9 damage)
             ... with a magic dart
             ... on level 4 of the Dungeon.
             The game lasted 00:16:02 (2710 turns).

Jindul the Ruffian (Troll Hunter)                   Turns: 2710, Time: 00:16:04

Health: -8/99      AC:  6    Str: 28    XL:     7   Next: 11%
Magic:  6/6        EV: 16    Int:  7    God:
Gold:   190        SH:  0    Dex: 15    Spells: 6/6 levels left

rFire    . . .     SeeInvis .     - Unarmed
rCold    . . .     Gourm    +   (no shield)
rNeg     . . .     Faith    .   b - +0 robe
rPois    .         Spirit   .   (helmet restricted)
rElec    .         Reflect  .   (no cloak)
rCorr    .         Harm     .   (gloves unavailable)
MR       .....                  (boots unavailable)
Stlth    ..........             (no amulet)
HPRegen  0.66/turn              (no ring)
MPRegen  0.10/turn              (no ring)

@: confused, mighty, agile, berserking, lethally poisoned (-8 -> -12), lightly
drained, very quick
A: large, unfitting armour, claws 3, fast metabolism 3, gourmand, regeneration
1, shaggy fur 1, tough skin 3
a: no special abilities


You were on level 4 of the Dungeon.
You were very full.

You visited 1 branch of the dungeon, and saw 4 of its levels.

You collected 190 gold pieces.

Inventory:

Hand Weapons
 a - a +2 mace of protection
 j - a +1 antimagic spear
 m - a +2 whip of draining
 n - a cursed -3 war axe
 x - a +0 dagger of holy wrath
Missiles
 c - 8 large rocks (quivered)
 d - 2 throwing nets
 h - 39 stones
 w - 3 silver boomerangs
Armour
 b - a +0 robe (worn)
Wands
 t - a wand of random effects (20)
Scrolls
 e - 3 scrolls of enchant weapon {unknown}
 g - 3 scrolls of identify {unknown}
 l - 2 scrolls of noise {unknown}
 q - 2 scrolls of teleportation {unknown}
 r - 2 scrolls of enchant armour {unknown}
 v - a scroll of immolation {unknown}
 y - 2 scrolls of remove curse {unknown}
Potions
 k - a potion of cancellation {unknown}
 o - a potion of heal wounds {unknown}
 z - a potion of haste
Comestibles
 f - 9 rations
 u - 5 chunks of flesh


   Skills:
 + Level 2.7(2.5) Fighting
 + Level 4.6(4.4) Throwing
 + Level 2.9(2.7) Dodging
 - Level 1.0(0.8) Stealth
 * Level 5.0(4.7) Unarmed Combat


You had 6 spell levels left.
You didn't know any spells.
Your spell library was empty.

Dungeon Overview and Level Annotations

Branches:
Dungeon (4/15)
 Temple: D:4-7

Altars:
Ashenzari


Innate Abilities, Weirdness & Mutations

You are too large for most types of armour.
You have claws for hands.
Your metabolism is lightning-fast.
You like to eat raw meat.
Your natural rate of healing is unusually fast.
You are covered in fur. (AC +1)
You have extremely tough skin. (AC +3)


Message History

It was a potion of berserk rage.
A red film seems to cover your vision as you go berserk!
You feel yourself moving faster!
You feel mighty!
* * * LOW HITPOINT WARNING * * *
You feel sick.
The orc wizard casts a spell.
The orc wizard blinks!
The orc wizard mumbles some strange words.
The orc wizard blinks!
The orc priest barely misses you. The hound bites you.
* * * LOW HITPOINT WARNING * * *
You feel a strong urge to attack something.
* * * LOW HITPOINT WARNING * * *
You feel sick.
You miss the hound.
The hound is severely wounded.
The hound bites you.
* * * LOW HITPOINT WARNING * * *
The orc wizard casts a spell at you. The magic dart hits you!
You die...

#............#
#.# ...
#######..#####
#####.#####.##
#..##
#...........#
#...#
#.###.#######
#...# #.#
#.########
####o..# #.#
#.........
#<....### #.#
##########
#.###§#.######.#
#.# #..ooh@§o..#
#.# #.#.########
#.# #.#.#
#.###.#.#
#o##..#.#
#.#...#.#
#.##.##.#
#o##..#.######..
#.##............


You could see a hound, an orc priest, an orc wizard and an orc.

Vanquished Creatures
  Sigmund (D:3)
  A wight (D:4)
  A hound (D:4)
  An orc priest (D:3)
  Ijyb (D:3)
  Terence (D:2)
  4 orc wizards
  2 worker ants (D:4)
  4 adders
  2 worms (D:2)
  A dart slug (D:3)
  3 leopard geckos
  7 orcs
  7 bats
  7 giant cockroaches
  4 goblins
  7 hobgoblins
  7 jackals
  3 ball pythons
  3 frilled lizards
  9 kobolds
  4 rats
80 creatures vanquished.

Notes
Turn   | Place    | Note
-------+----------+-------------------------------------------
     0 | D:1      | Jindul the Troll Hunter began the quest for the Orb.
     0 | D:1      | Reached XP level 1. HP: 19/19 MP: 0/0
   118 | D:1      | Reached skill level 1 in Unarmed Combat
   228 | D:1      | Reached XP level 2. HP: 27/27 MP: 1/1
   799 | D:2      | Found a shattered altar of Ashenzari.
   818 | D:2      | Reached XP level 3. HP: 24/33 MP: 2/2
  1120 | D:2      | Reached skill level 2 in Unarmed Combat
  1289 | D:2      | Noticed Terence
  1305 | D:2      | Killed Terence
  1305 | D:2      | Reached skill level 3 in Unarmed Combat
  1305 | D:2      | Reached XP level 4. HP: 42/42 MP: 3/3
  1683 | D:3      | Reached XP level 5. HP: 45/49 MP: 4/4
  1908 | D:3      | Noticed Ijyb
  1919 | D:3      | Killed Ijyb
  2086 | D:3      | Reached skill level 1 in Stealth
  2086 | D:3      | Reached skill level 4 in Unarmed Combat
  2196 | D:3      | Noticed Sigmund
  2398 | D:3      | Killed Sigmund
  2398 | D:3      | Reached XP level 6. HP: 49/59 MP: 5/5
  2583 | D:4      | Reached XP level 7. HP: 55/66 MP: 6/6
  2672 | D:4      | Reached skill level 5 in Unarmed Combat
  2707 | D:4      | HP: 1/66 [orc priest/divine providence (12)]
  2710 | D:4      | Killed from afar by an orc wizard

Levels and vault maps discovered:
D:1:      saegor_arrival_simple_c, layout_loops_ring, grunt_decor_cap,
          minmay_misc_feat_hallway
D:2:      layout_rooms, ashenzari_conservatory_becter, uniq_terence
D:3:      layout_basic, uniq_sigmund, uniq_ijyb
D:4:      layout_loops_ring, lemuel_doored_altar, first_ration,
          cheibrodos_sewer_entry_drain

Skill      XL: |  1  2  3  4  5  6  7 |
---------------+----------------------+-----
Unarmed Combat | 1 3 4 5 |  5.0
Dodging        | 2 |  2.9
Throwing       | 4 |  4.6
Fighting       | 2 |  2.7
Stealth        | 1 |  1.0

Action                   |  1- 3 |  4- 6 |  7- 9 || total
-------------------------+-------+-------+-------++-------
Melee: Unarmed           |   146 |   136 |    26 ||   308
       Punch             |       |     4 |       ||     4
  Use: Potion            |       |       |     4 ||     4
 Stab: Sleeping          |     2 |     2 |       ||     4
  Eat: Chunk             |    17 |    12 |     1 ||    30
Armor: Robe              |    60 |    50 |    16 ||   126
Dodge: Dodged            |    77 |    64 |    29 ||   170

Table legend:
 A = Non-vault XP
 B = Vault XP
 C = Vault XP percentage of total XP
 D = Non-vault monster count
 E = Vault monster count
 F = Vault count percentage of total count
                 A         B        C        D         E       F
            +---------+---------+-------+---------+---------+-------
      Total |     520 |     292 |  36.0 |      77 |       3 |   3.8
            +---------+---------+-------+---------+---------+-------
        D:1 |      21 |       0 |   0.0 |      15 |       0 |   0.0
        D:2 |      66 |      36 |  35.3 |      27 |       1 |   3.6
        D:3 |     203 |     256 |  55.8 |      24 |       2 |   7.7
        D:4 |     230 |       0 |   0.0 |      11 |       0 |   0.0
            +---------+---------+-------+---------+---------+-------
